 Dungeon Crawl Stone Soup version 0.24.1-14-gf8d2b509d9 (webtiles) character file.

Game seed: 1279648362121979589, levelgen mode: deterministic

106783 Ascillia the Severer (level 15, -4/151 HPs)
             Began as a Minotaur Gladiator on May 22, 2020.
             Was the Champion of Okawaru.
             Killed from afar by a frost giant (37 damage)
             ... with a bolt of cold
             ... on level 15 of the Dungeon.
             The game lasted 02:38:54 (22862 turns).

Ascillia the Severer (Minotaur Gladiator)          Turns: 22862, Time: 02:38:54

Health: -4/151     AC: 25    Str: 29    XL:     15   Next: 98%
Magic:  20/20      EV: 15    Int: 12    God:    Okawaru [******]
Gold:   611        SH: 17    Dex: 12    Spells: 14/14 levels left

rFire    + + +     SeeInvis .   H - +8 war axe of Zuny {chop, Str+4}
rCold    . . .     Gourm    .   g - +2 shield {AC+3}
rNeg     . . .     Faith    .   b - +5 fire dragon scales
rPois    +         Spirit   .   O - +1 hat "Juhag" {-Cast Regen+ Int+7}
rElec    +         Reflect  .   d - +1 cloak {MR+}
rCorr    +         Harm     .   M - -3 pair of gloves of Incorporation {Slay+6}
MR       +++..     NoCast   +   s - +1 pair of boots {run}
Stlth    ..........             L - amulet of Vitality {Regen+ HP+15}
HPRegen  1.15/turn              v - ring of protection from magic
MPRegen  0.17/turn              i - +4 ring of slaying

@: about to teleport, resistant, studying Maces & Flails, quick
A: retaliatory headbutt, horns 2
a: Heroism, Finesse, Renounce Religion


You were on level 15 of the Dungeon.
You worshipped Okawaru.
Okawaru was exalted by your worship.
You were not hungry.

You visited 3 branches of the dungeon, and saw 23 of its levels.
You also visited: Gauntlet.

You collected 2645 gold pieces.
You spent 2034 gold pieces at shops.

Inventory:

Hand Weapons
 o - a +2 executioner's axe of chopping
 u - a +1 flail of crushing
 w - the +8 battleaxe of Demonkind {speed, rN+ MR- Int+2}
   (Okawaru gifted it to you on level 1 of the Lair of Beasts)

   Attacks with this weapon are significantly faster.
   It affects your intelligence (+2).
   It protects you from negative energy.
   It affects your resistance to hostile enchantments.
 H - the +8 war axe of Zuny (weapon) {chop, Str+4}
   (Okawaru gifted it to you on level 8 of the Dungeon)

   It inflicts extra damage upon your enemies.
   It affects your strength (+4).
Armour
 b - +5 fire dragon scales (worn)
 c - the +2 pair of boots of Piudipsu {rCorr, unknown}
   (Okawaru gifted it to you on level 15 of the Dungeon)

   It provides partial protection from all sources of acid and corrosion.
 d - a +1 cloak of magic resistance (worn)
 e - the +2 ratskin cloak {+Rats rPois rN+ Str-1 Int-1 Dex+1}
   (You found it in a Gauntlet)

   It affects your strength (-1).
   It affects your intelligence (-1).
   It affects your dexterity (+1).
   It protects you from poison.
   It protects you from negative energy.
 g - a +2 shield of protection (worn)
 s - a +1 pair of boots of running (worn)
 M - the -3 pair of gloves of Incorporation (worn) {Slay+6}
   (Okawaru gifted it to you on level 6 of the Lair of Beasts)

   It affects your accuracy and damage with ranged weapons and melee attacks
   (+6).
 O - the +1 hat "Juhag" (worn) {-Cast Regen+ Int+7}
   (Okawaru gifted it to you on level 15 of the Dungeon)

   It affects your intelligence (+7).
   It prevents spellcasting.
   It increases your rate of regeneration.
Magical Staves
 U - an uncursed staff of earth {unknown}
Jewellery
 i - a +4 ring of slaying (right hand)
 q - an uncursed ring of protection from cold
 v - a ring of protection from magic (left hand)
 y - an uncursed ring of fire
 G - an uncursed ring of positive energy
 I - an uncursed ring of see invisible
 L - the amulet of Vitality (around neck) {Regen+ HP+15}
   (You found it on level 6 of the Lair of Beasts)

   [amulet of regeneration]

   It affects your health (+15).
   It increases your rate of regeneration.
Wands
 j - a wand of enslavement (6)
 r - a wand of polymorph (26)
 x - a wand of iceblast (11)
 B - a wand of acid (3)
 F - a wand of scattershot (4)
 S - a wand of disintegration (27)
 T - a wand of digging (12)
Scrolls
 h - 2 scrolls of blinking
 k - 8 scrolls of remove curse
 l - 3 scrolls of fear
 m - 11 scrolls of teleportation
 n - 3 scrolls of identify
 C - 5 scrolls of fog
 D - 3 scrolls of magic mapping
 J - 3 scrolls of vulnerability
 R - 2 scrolls of enchant weapon
Potions
 p - a potion of flight
 t - 2 potions of brilliance
 z - 5 potions of curing
 A - 2 potions of cancellation
 E - 2 potions of might
 W - a potion of magic
Books
 a - a manual of Maces & Flails
Miscellaneous
 K - a box of beasts
 V - a lamp of fire
Comestibles
 f - 39 rations


   Skills:
 + Level 13.6 Fighting
 * Level 18.3(18.6) Axes
 - Level 6.2(13.6) Maces & Flails
 - Level 2.0 Throwing
 + Level 12.9 Armour
 + Level 9.1 Dodging
 - Level 15.0 Shields
 - Level 5.0 Invocations
 - Level 8.1 Evocations


You had 14 spell levels left.
You didn't know any spells.
Your spell library contained the following spells:

 Spells                   Type           Power        Failure   Level  Hunger
 Magic Dart               Conj           #...         54%         1    ##.....
 Blink                    Tloc           N/A          69%         2    ###....
 Call Imp                 Summ           #.......     69%         2    ###....
 Poisonous Vapours        Pois/Air       #.....       69%         2    ###....
 Slow                     Hex            #.......     69%         2    ###....
 Conjure Flame            Conj/Fire      #.......     89%         3    ####...
 Mephitic Cloud           Conj/Pois/Air  #.......     89%         3    ####...
 Bolt of Magma            Conj/Fire/Erth #.........   100%        5    ######.
 Iskenderun's Battlesphe  Conj/Chrm      #.......     100%        5    ######.
 Venom Bolt               Conj/Pois      #.........   100%        5    ######.
 Freezing Cloud           Conj/Ice/Air   #.........   100%        6    #######
 Iron Shot                Conj/Erth      #.........   100%        6    #######
 Orb of Destruction       Conj           #.........   100%        7    #######
 Ring of Flames           Chrm/Fire      #.........   100%        7    #######
 Spellforged Servitor     Conj/Summ      #.........   100%        7    #######


Dungeon Overview and Level Annotations

Branches:
Dungeon (15/15)            Temple (0/1) D:5            Lair (6/6) D:10
 Shoals (0/4) Lair:2        Snake (0/4) Lair:4        Slime (0/5) Lair:6
    Orc (2/2) D:12            Elf (0/3) Orc:2        Vaults (0/5) D:14
 Depths (0/5) D:15        Gauntlet (visited)

Altars:
Cheibriados
Kikubaaqudgha
Okawaru
Sif Muna
Trog
Xom
Beogh
Jiyva

Shops:
D:6 :   D:12 }   Orc:2 [(=*

Annotations:
Lair:5 exclusion: oklob plant


Innate Abilities, Weirdness & Mutations

You reflexively headbutt those who attack you in melee.
You have a pair of horns on your head.


Message History

You block the frost giant's attack.
You open the frost giant like a pillowcase!!!
The frost giant is heavily wounded.
You slice the frost giant!! You headbutt the frost giant!
The frost giant is almost dead.
The frost giant gestures at you while chanting.
The bolt of cold hits you!!!
You feel a terrible chill!
You completely miss the frost giant.
The frost giant is almost dead.
The frost giant points at you and mumbles some strange words.
The bolt of cold hits you!!!
You feel a terrible chill!
* * * LOW HITPOINT WARNING * * *
Okay, then.
As you read the scroll of teleportation, it crumbles to dust.
You feel strangely unstable. You block the frost giant's attack.
You feel protected.
You feel better.
The frost giant points at you and mumbles some strange words.
The bolt of cold hits you!!!
You die...

+#..... #......#†)#).#(#.##
#..⌠P..#+#.....#).#.#.#....
+#.P8P..#..###.#....#.+#)..
#...P⌠.#'#.....#......##.#.
#......#.....)##(.[...##+#
#.#.#..#######†########.#) ###
##+#+##.'...###(.....#....
##.#####.#.#.#+#.#.# #)#...#'#...
......#......#..@# #.###..#....
...#.#+#..#..#.##CF# #...#.#+#.#.
......#...#..#. uyY.#(.....#....
.#..[#'#..#..# #../#(#.#.#####.
......#...)..## .$|##(#+#######
.#.#(########(########.#.#.##≈≈≈≈
#+#(##...}[.##......#......##≈PPP
.#.#.##))....#.##..#'#......#≈.⌠.
..)..#((##...#..#..)#....#.#+≈...


You could see a frost giant, a green ugly thing, a vampire mosquito, an ice
beast and a bullfrog.

Vanquished Creatures
  2 orc warlords
  A vampire knight (D:15)
  A very ugly thing (D:15)
  Azrael (Orc:2)
  A minotaur (Gauntlet)
  An ettin (D:15)
  A fire dragon (D:15)
  3 yaktaur captains (D:15)
  An ogre mage (D:14)
  10 hydras
  A dancing weapon (D:6)
  Erica (D:9)
  12 centaur warriors
  7 two-headed ogres
  A queen ant (Gauntlet)
  An orc high priest (Orc:2)
  Urug (D:11)
  3 skeletal warriors (D:15)
  A deep elf knight (D:11)
  2 unseen horrors
  2 wizards
  A lindwurm (shapeshifter) (D:14)
  A lindwurm (Lair:6)
  8 orc knights
  A wolf spider zombie (D:15)
  2 wolf spiders (D:15)
  5 manticores
  4 ugly things
  5 cyclopes
  6 orc sorcerers
  2 black mambas (Lair:6)
  Joseph (D:11)
  A spiny frog (shapeshifter) (D:15)
  The ghost of PIKKUHERKKO the Cleaver, a novice HOMo (D:6)
  4 gargoyles (D:9)
  15 spiny frogs
  9 rime drakes
  3 komodo dragons
  3 freezing wraiths (D:15)
  A yaktaur (D:15)
  2 efreet
  4 polar bears (Lair:6)
  7 hornets
  5 trolls
  A slime creature (D:8)
  11 blink frogs (Lair:6)
  14 hippogriffs
  Prince Ribbit (D:7)
  6 dream sheep (Lair:6)
  13 wyverns
  18 yaks
  12 spriggans (Lair:6)
  6 basilisks
  9 fire elementals
  3 wraiths
  A yak (shapeshifter) (D:14)
  12 vampire mosquitoes
  2 hungry ghosts
  Menkaure (D:4)
  4 nagas (Lair:4)
  6 wargs
  An acid dragon (shapeshifter) (D:14)
  3 acid dragons
  7 soldier ants
  15 water moccasins
  Duvessa (D:7)
  8 porcupines
  7 hell hounds
  A swamp drake (Lair:5)
  44 orc warriors
  4 sky beasts
  2 eyes of draining
  3 phantoms
  8 ice beasts
  11 boggarts
  5 black bears
  6 ogres
  2 hornet zombies (D:15)
  21 centaurs
  26 wolves
  8 crocodiles
  A big kobold (D:14)
  9 bullfrogs
  Dowan (D:7)
  A wyvern skeleton (D:14)
  8 scorpions
  A water moccasin skeleton (D:6)
  5 killer bees (D:10)
  7 wights
  2 howler monkeys
  6 electric eels
  6 crimson imps
  7 centaur zombies
  A bullfrog zombie (D:12)
  2 gnoll shamans
  5 hounds
  6 centaur skeletons
  17 orc priests
  A bullfrog skeleton (D:6)
  10 jellies
  Crazy Yiuf (D:2)
  Jessica (D:2)
  Terence (D:3)
  17 orc wizards
  3 iguanas
  12 worker ants
  3 hound skeletons
  18 gnolls
  A howler monkey zombie (D:6)
  13 adders
  4 shadow imps
  13 oozes
  2 worms
  2 dart slugs
  3 leopard geckos
  86 orcs
  2 ball pythons
  3 giant cockroaches
  7 goblins
  16 hobgoblins
  7 jackals
  10 quokkas
  8 bats
  5 frilled lizards
  11 kobolds
  9 rats
  2 fungi
  6 plants
810 creatures vanquished.

Vanquished Creatures (others)
  A steam dragon (Lair:5)
  11 fungi
  3 plants (Lair:4)
15 creatures vanquished.

Grand Total: 825 creatures vanquished

Notes
Turn   | Place    | Note
-------+----------+-------------------------------------------
     0 | D:1      | Ascillia the Minotaur Gladiator began the quest for the
                  | Orb.
     0 | D:1      | Reached XP level 1. HP: 18/18 MP: 0/0
   456 | D:1      | Reached skill level 4 in Axes
   501 | D:1      | Reached XP level 2. HP: 25/25 MP: 1/1
   567 | D:1      | Reached skill level 1 in Armour
   751 | D:1      | Reached XP level 3. HP: 26/31 MP: 2/2
  1189 | D:2      | Found a runed translucent door.
  1190 | D:2      | Noticed Crazy Yiuf
  1198 | D:2      | Killed Crazy Yiuf
  1198 | D:2      | Reached skill level 5 in Axes
  1198 | D:2      | Reached XP level 4. HP: 8/38 MP: 3/3
  1455 | D:2      | Noticed Jessica
  1465 | D:2      | Killed Jessica
  1825 | D:2      | Reached XP level 5. HP: 46/46 MP: 4/4
  2132 | D:3      | Noticed Terence
  2190 | D:3      | Killed Terence
  2384 | D:3      | Reached skill level 6 in Axes
  3039 | D:4      | Noticed Menkaure
  3043 | D:4      | Killed Menkaure
  3043 | D:4      | Reached XP level 6. HP: 39/53 MP: 5/5
  3061 | D:4      | Found an iron altar of Okawaru.
  3083 | D:4      | Became a worshipper of Warmaster Okawaru
  3334 | D:5      | Entered Level 5 of the Dungeon
  3353 | D:5      | Noticed an ice beast
  3364 | D:5      | Reached skill level 7 in Axes
  3371 | D:5      | Killed an ice beast
  3371 | D:5      | Reached skill level 5 in Fighting
  3371 | D:5      | Reached XP level 7. HP: 22/61 MP: 6/6
  3571 | D:5      | Found a staircase to the Ecumenical Temple.
  3619 | D:5      | Reached skill level 8 in Axes
  3974 | D:5      | Reached skill level 5 in Armour
  4148 | D:5      | Noticed a hippogriff
  4157 | D:5      | Killed a hippogriff
  4157 | D:5      | Reached * piety under Okawaru
  4157 | D:5      | Reached XP level 8. HP: 17/70 MP: 7/7
  4745 | D:5      | Reached skill level 9 in Axes
  4910 | D:6      | Found Geclucos's Book Boutique.
  5172 | D:6      | Reached skill level 10 in Axes
  5223 | D:6      | Reached ** piety under Okawaru
  5266 | D:6      | Reached XP level 9. HP: 67/79 MP: 8/8
  5597 | D:6      | Noticed a two-headed ogre
  5603 | D:6      | Killed a two-headed ogre
  5603 | D:6      | Reached skill level 11 in Axes
  5863 | D:6      | Reached *** piety under Okawaru
  5865 | D:6      | Noticed a four-headed hydra
  6156 | D:6      | Killed a four-headed hydra
  6156 | D:6      | Reached skill level 5 in Dodging
  6568 | D:6      | Found a runed translucent door.
  6568 | D:6      | Found a shimmering altar of Xom.
  6568 | D:6      | Noticed PIKKUHERKKO's ghost (novice HOMo)
  6568 | D:6      | Noticed a +1 dagger of chaos
  6574 | D:6      | Killed a +1 dagger of chaos
  6574 | D:6      | Reached **** piety under Okawaru
  6574 | D:6      | Reached XP level 10. HP: 87/91 MP: 9/9
  6581 | D:6      | Killed PIKKUHERKKO's ghost
  6774 | D:7      | Found a bloodstained altar of Trog.
  6942 | D:7      | Noticed Prince Ribbit
  6950 | D:7      | Killed Prince Ribbit
  6950 | D:7      | Reached skill level 5 in Maces & Flails
  6953 | D:7      | Reached ***** piety under Okawaru
  7218 | D:7      | Noticed Duvessa
  7218 | D:7      | Noticed Dowan
  7222 | D:7      | Killed Duvessa
  7227 | D:7      | Killed Dowan
  7681 | D:8      | Received a gift from Okawaru
  7682 | D:8      | Got a scorched war axe {god gift}
  7684 | D:8      | Identified the +8 war axe of Zuny {chop, Str+4} (Okawaru
                  | gifted it to you on level 8 of the Dungeon)
  7793 | D:8      | Reached skill level 10 in Fighting
  7977 | D:8      | Reached skill level 1 in Evocations
  8091 | D:8      | Reached skill level 1 in Shields
  8182 | D:8      | Reached skill level 12 in Axes
  8597 | D:9      | Reached XP level 11. HP: 71/99 MP: 11/11
  8779 | D:9      | Noticed Erica
  8784 | D:9      | Killed Erica
  8784 | D:9      | Received a gift from Okawaru
  8995 | D:9      | Found a roughly hewn altar of Beogh.
  9245 | D:9      | Reached skill level 5 in Shields
  9448 | D:10     | Entered Level 10 of the Dungeon
  9606 | D:10     | You fall into a shaft and drop 3 floors!
  9618 | D:13     | Reached ****** piety under Okawaru
  9858 | D:11     | Noticed Urug
  9858 | D:11     | Noticed a wizard
  9862 | D:11     | Noticed a deep elf knight
  9867 | D:11     | Killed a wizard
  9867 | D:11     | Received a gift from Okawaru
  9867 | D:11     | Reached skill level 13 in Axes
  9874 | D:11     | Killed Urug
  9874 | D:11     | Received a gift from Okawaru
  9876 | D:11     | Killed a deep elf knight
  9879 | D:11     | Noticed Joseph
 10240 | D:11     | Noticed an orc knight
 10245 | D:11     | Killed Joseph
 10254 | D:11     | Killed an orc knight
 10475 | D:10     | Received a gift from Okawaru
 10656 | D:10     | Found a staircase to the Lair.
 10667 | Lair:1   | Entered Level 1 of the Lair of Beasts
 10686 | Lair:1   | Received a gift from Okawaru
 10689 | Lair:1   | Got a fine battleaxe {god gift}
 10761 | Lair:1   | Identified the +8 battleaxe of Demonkind {speed, rN+ MR-
                  | Int+2} (Okawaru gifted it to you on level 1 of the Lair of
                  | Beasts)
 10798 | Lair:1   | Reached XP level 12. HP: 106/106 MP: 14/14
 11521 | Lair:2   | Got a fine cloak
 11532 | Lair:2   | Identified the +3 cloak of Patterns {rN+++ Int-5 Dex-5
                  | Slay+5} (You found it on level 2 of the Lair of Beasts)
 11532 | Lair:2   | Lost intelligence.
 11545 | Lair:2   | Reached skill level 5 in Evocations
 11649 | Lair:2   | Noticed a six-headed hydra
 11666 | Lair:2   | Killed a six-headed hydra
 11987 | Lair:2   | Found a staircase to the Shoals.
 12131 | Lair:2   | Reached skill level 10 in Shields
 12920 | Lair:3   | Received a gift from Okawaru
 13094 | Lair:3   | Reached skill level 14 in Axes
 13616 | Lair:4   | Found a gate leading to a gauntlet.
 13622 | Lair:4   | Reached skill level 1 in Invocations
 13626 | Gauntlet | Entered a Gauntlet
 13626 | Gauntlet | Found a transporter.
 13628 | Gauntlet | Noticed a queen ant
 13633 | Gauntlet | Killed a queen ant
 13645 | Gauntlet | Found a transporter.
 13651 | Gauntlet | Found a transporter.
 13669 | Gauntlet | Found a transporter.
 13677 | Gauntlet | Found a transporter.
 13678 | Gauntlet | Found a transporter.
 13685 | Gauntlet | Found a transporter.
 13697 | Gauntlet | Found a runed translucent door.
 13697 | Gauntlet | Found a runed translucent door.
 13717 | Gauntlet | Found a transporter.
 13724 | Gauntlet | Found the +2 ratskin cloak {+Rats rPois rN+ Str-1 Int-1
                  | Dex+1}
 13727 | Gauntlet | Found a transporter.
 13739 | Gauntlet | Got a transparent scale mail
 13752 | Gauntlet | Noticed a minotaur
 13765 | Gauntlet | Killed a minotaur
 13765 | Gauntlet | Received a gift from Okawaru
 14005 | Lair:4   | Identified the cursed +1 scale mail of Noughts and Crosses
                  | {Int+3} (You found it in a Gauntlet)
 14048 | Lair:4   | Got a bloodstained battleaxe
 14096 | Lair:4   | Found a staircase to the Snake Pit.
 14196 | Lair:4   | Identified the cursed +0 battleaxe "Heunir" {flame, rN+
                  | MP-9 Str+3} (You found it on level 4 of the Lair of Beasts)
 14553 | Lair:5   | Noticed a four-headed hydra
 14567 | Lair:5   | Killed a four-headed hydra
 14567 | Lair:5   | Reached XP level 13. HP: 107/114 MP: 15/15
 14599 | Lair:5   | Reached skill level 5 in Invocations
 15298 | Lair:5   | Reached skill level 15 in Axes
 15746 | Lair:6   | Entered Level 6 of the Lair of Beasts
 15752 | Lair:6   | Received a gift from Okawaru
 16013 | Lair:6   | Reached skill level 15 in Shields
 16079 | Lair:6   | Found a staircase to the Slime Pits.
 16079 | Lair:6   | Found a viscous altar of Jiyva.
 16230 | Lair:6   | Reached skill level 10 in Armour
 16241 | Lair:6   | Found the amulet of Vitality {Regen+ HP+15}
 16262 | Lair:6   | Reached XP level 14. HP: 124/124 MP: 17/17
 16270 | Lair:6   | Received a gift from Okawaru
 16315 | Lair:6   | Got a pair of distressingly furry gloves {god gift}
 16326 | Lair:6   | Identified the -3 pair of gloves of Incorporation {Slay+6}
                  | (Okawaru gifted it to you on level 6 of the Lair of Beasts)
 17902 | D:12     | Found a staircase to the Orcish Mines.
 18102 | Orc:1    | Entered Level 1 of the Orcish Mines
 18102 | Orc:1    | Noticed an orc warlord
 18115 | Orc:1    | Killed an orc warlord
 18116 | Orc:1    | Paralysed by an orc sorcerer for 4 turns
 18290 | D:12     | Identified a scroll of acquirement
 18344 | Orc:1    | Reached skill level 16 in Axes
 18669 | Orc:2    | Entered Level 2 of the Orcish Mines
 18704 | Orc:2    | Noticed Azrael
 18723 | Orc:2    | Killed Azrael
 18725 | Orc:2    | Received a gift from Okawaru
 18767 | Orc:2    | Found a staircase to the Elven Halls.
 18830 | Orc:2    | Found a roughly hewn altar of Beogh.
 18830 | Orc:2    | Noticed an orc warlord
 18978 | Orc:2    | Killed an orc warlord
 18979 | Orc:2    | HP: 7/141 [orc knight/+0 war axe (36)]
 19397 | Orc:2    | Received a gift from Okawaru
 19429 | Orc:2    | Found Saheam's Antique Armour Emporium.
 19442 | Orc:2    | Bought a pair of embroidered boots for 157 gold pieces
 19442 | Orc:2    | Bought shiny fire dragon scales for 1323 gold pieces
 19452 | Orc:2    | Identified a +1 pair of boots of running (You bought it in
                  | a shop on level 2 of the Orcish Mines)
 19465 | Orc:2    | Found Nusephy's Antique Weapon Emporium.
 19658 | Orc:2    | Found Mowaefets's General Store.
 19664 | Orc:2    | Bought a scroll of identify for 26 gold pieces
 19664 | Orc:2    | Bought a scroll of teleportation for 39 gold pieces
 19664 | Orc:2    | Bought a potion of curing for 39 gold pieces
 19673 | Orc:2    | Found Ysiaru's Jewellery Emporium.
 19680 | Orc:2    | Bought an uncursed ring of protection from magic for 450
                  | gold pieces
 20262 | D:12     | Found Gass's Gadget Emporium.
 20734 | D:13     | Found an iron altar of Okawaru.
 21142 | D:14     | Reached XP level 15. HP: 134/134 MP: 19/19
 21311 | D:14     | Found a gate to the Vaults.
 21335 | D:14     | Reached skill level 17 in Axes
 22112 | D:15     | Entered Level 15 of the Dungeon
 22197 | D:15     | Received a gift from Okawaru
 22203 | D:15     | Got a shimmering hat {god gift}
 22214 | D:15     | Identified the +1 hat "Juhag" {-Cast Regen+ Int+7} (Okawaru
                  | gifted it to you on level 15 of the Dungeon)
 22251 | D:15     | Found a shimmering blue altar of Sif Muna.
 22251 | D:15     | Found an ancient bone altar of Kikubaaqudgha.
 22252 | D:15     | Found a snail-covered altar of Cheibriados.
 22348 | D:15     | Found a staircase to the Depths.
 22587 | D:15     | Reached skill level 18 in Axes
 22800 | D:15     | Received a gift from Okawaru
 22806 | D:15     | Got a pair of encrusted boots {god gift}
 22852 | D:15     | Noticed a frost giant
 22862 | D:15     | Killed from afar by a frost giant

Levels and vault maps discovered:
D:1:      lightli_arrival_windingriver, layout_basic
D:2:      layout_loops_ring, first_ration, chequers_serial_rivers_micro_b,
          uniq_crazy_yiuf_cottage, uniq_jessica
D:3:      layout_rooms, uniq_terence
D:4:      layout_layer_cave, okawaru_altar_gauntlet_db, uniq_menkaure
D:5:      layout_loops_corners, minmay_temple_entry_from_below_a
D:6:      layout_rooms, ebering_ghost_xom, serial_shops,
          nicolae_shop_window_shopping, minmay_manual_macuahuitl
D:7:      layout_basic, bloody_trog, uniq_prince_ribbit1, uniq_duvessa
D:8:      layout_gridville, hangedman_pestilent_swarm, minmay_diamond_spiral
D:9:      cheibrodos_statue_roulette, layout_basic, special_room
          [special_room_orc], kennysheep_generic_room_14, uniq_erica
D:10:     layout_roguey, grunt_lair_entry_orc_guard_hut, serial_curves,
          eino_curves_03, eino_curves_02
D:11:     layout_long_grid, enter_bailey_8, sword_in_stone
D:12:     layout_rooms, orc_0_dummy, serial_shops, kennysheep_mini,
          kennysheep_generic_room_13
D:13:     layout_basic, basic_altar, chequers_serial_rivers_large_a
D:14:     layout_loops_corners, david_vaults_2, minmay_misc_feat_five,
          hangedman_abyss_or_decor_lesser_grid, minmay_alternating_orb
D:15:     hangedman_slaughterboxes
Lair:1:   layout_gridlike
Lair:2:   layout_roguey, minmay_shoals_entry_centaurs, st_stairs_9,
          lemuel_fruit_fields, infiniplex_staircase_pool
Lair:3:   layout_cave_pods
Lair:4:   layout_loops_ring, minmay_snake_entry_guardpost_small,
          gauntlet_entry_generic, serial_bayou_pond_b, serial_bayou_pond_d,
          st_stairs_6
Lair:5:   lemuel_slime, layout_small_grid, special_room
          [special_room_mythical_zoo], guppyfry_lair_drakes,
          lemuel_fruit_fields, serial_bayou_shore_a, lemuel_fruit_fields
Lair:6:   minmay_lair_end_enchanted_forest, layout_gridlike, slime_altar_1,
          grunt_megastairs_1, lemuel_fruit_tree
Orc:1:    layout_diamond_mine, nicolae_orc_sculptors_studio
Orc:2:    grunt_orc_cross, layout_diamond_mine, uniq_azrael

Skill      XL: |  1  2  3  4  5  6  7  8  9 10 11 12 13 14 15 |
---------------+----------------------------------------------+-----
Axes           | 4 5 6 7 8 10 11 12 13 14 15 16 18 | 18.3
Armour         | 1 2 3 4 5 6 8 9 10 11 12 | 12.9
Fighting       | 3 4 5 6 7 9 10 11 12 13 | 13.6
Dodging        | 5 6 7 9 |  9.1
Maces & Flails | 2 6 |  6.2
Evocations     | 1 4 5 7 8 |  8.1
Shields        | 3 8 12 15 | 15.0
Invocations    | 4 5 |  5.0
Throwing       | |  2.0

Action                   |  1- 3 |  4- 6 |  7- 9 | 10-12 | 13-15 || total
-------------------------+-------+-------+-------+-------+-------++-------
Melee: War axe           |    71 |   127 |   110 |   233 |   717 ||  1258
       Headbutt          |     4 |    23 |    40 |    94 |   201 ||   362
       Halberd           |       |       |    23 |       |       ||    23
       Club              |       |       |    13 |       |       ||    13
       Dire flail        |       |       |     3 |    73 |    48 ||   124
       Battleaxe         |       |       |       |   152 |    82 ||   234
       Executioner's axe |       |       |       |       |     9 ||     9
Invok: Heroism           |       |       |     1 |       |     1 ||     2
  Use: Potion            |       |     2 |     1 |    11 |     7 ||    21
       Scroll            |       |       |    11 |    16 |    14 ||    41
 Stab: Confused          |       |       |       |       |     1 ||     1
  Eat: Ration            |       |     2 |     4 |     6 |     8 ||    20
       Chunk             |       |       |     2 |     2 |     1 ||     5
Armor: Leather armour    |    16 |    40 |    20 |       |       ||    76
       Fire dragon scale |       |       |    58 |   161 |   286 ||   505
Dodge: Dodged            |    49 |    86 |    76 |   178 |   304 ||   693
Block: Shield            |       |       |       |    83 |   504 ||   587
       Buckler           |       |       |       |    11 |       ||    11
